Map: Ultralove

Players

Classic

  • Race: Protoss Protoss
  • Spawn Location: 1:00

VITmaru (Maru) - Winner!

  • Race: Terran Terran
  • Spawn Location: 7:00

Event: DreamHack Dallas 2025

VOD

Have the link to the VOD?

Description

Time

  • Played on: May 25, 2025, 4:11 p.m.
  • Length: 23:28

All games in this series

Show
View Real Time Build Order
Export as new Build Order

Classic Protoss 

Build Orders: 1 Gate Expand, Phoenix Opening, Blink Stalkers 

Get SALT Encoding   

  12  0:00  Probe  
  13  0:12  Probe  
  14  0:17  Pylon  
  14  0:24  Probe  
  15  0:32  Probe  
  15  0:39  Assimilator  
  15  0:40  Probe  
  16  0:46  Gateway  
  17  0:50  Probe  
  18  1:03  Probe  
  19  1:15  Probe  
  20  1:22  Nexus  
  20  1:33  Cybernetics Core  
  20  1:35  Probe  
  21  1:40  Assimilator  
  21  1:47  Probe  
  22  1:51  Pylon  
  22  1:57  Stalker  
  22  1:59  Probe  
  23  2:10  Warp Gate  
  23  2:11  Probe  
  26  2:23  Probe  
  26  2:27  Stalker  
  26  2:29  Twilight Council  
  27  2:32  Probe x2  
  31  2:40  Probe x2  
  33  2:49  Probe  
  33  2:50  Probe  
  32  2:57  Blink  
  34  2:58  Gateway  
  34  3:01  Probe  
  34  3:02  Probe  
  36  3:13  Probe  
  36  3:14  Probe  
  36  3:15  Sentry  
  36  3:18  Pylon  
  36  3:19  Phoenix  
  40  3:26  Probe x2  
  42  3:33  Robotics Facility  
  42  3:38  Probe x2  
  42  3:40  Gateway  
  44  3:43  Shield Battery  
  44  3:50  Probe x2  
  44  3:51  Assimilator  
  44  3:53  Pylon  
  46  3:57  Stalker  
  46  4:02  Stalker  
  50  4:04  Assimilator  
  50  4:08  Probe x2  
  52  4:22  Stalker  
  52  4:23  Observer  
  54  4:33  Probe x2  
  56  4:43  Pylon  
  56  4:45  Probe x2  
  57  4:51  Stalker x2  
  61  4:58  Pylon  
  61  5:01  Charge  
  61  5:08  Nexus  
  61  5:17  Stalker x2  
  61  5:20  Stalker  
  67  5:24  Observer  
  67  5:26  Phoenix  
  67  5:27  Templar Archives  
  67  5:28  Probe  
  68  5:34  Probe  
  70  5:40  Probe  
  71  5:45  Psionic Storm  
  71  5:47  Probe  
  72  5:52  Probe  
  72  5:56  Gateway  
  72  5:58  Gateway  
  72  6:00  Pylon, Gateway, Probe  
  72  6:02  Shield Battery  
  73  6:04  Probe  
  74  6:11  High Templar  
  74  6:13  Probe  
  74  6:15  Pylon  
  74  6:16  Probe  
  78  6:20  Gateway  
  78  6:22  Stalker  
  78  6:23  High Templar  
  78  6:24  Warp Prism  
  82  6:31  Probe x2  
  82  6:34  Probe  
  85  6:42  Probe  
  85  6:43  Probe x2  
  85  6:46  High Templar  
  90  6:47  High Templar  
  90  6:51  Forge, Pylon  
  92  6:55  Probe x2  
  92  6:56  Zealot, Probe  
  97  7:05  Pylon  
  97  7:07  Zealot x2, Probe x2  
  103  7:08  Observer  
  103  7:12  Assimilator  
  103  7:15  Pylon x2  
  104  7:18  Probe  
  104  7:19  Probe x2  
  104  7:20  Protoss Ground Weapons Level 1  
  104  7:21  Pylon  
  107  7:23  High Templar x2  
  107  7:26  Zealot x2  
  115  7:33  Pylon  
  114  7:46  Observer  
  114  7:50  Zealot x4, High Templar  
  122  7:54  Observer, Pylon  
  122  8:00  Robotics Bay  
  122  8:05  Nexus  
  122  8:06  Pylon  
  122  8:08  Zealot x2  
  122  8:11  Probe x3  
  129  8:18  Robotics Facility  
  128  8:21  Zealot  
  128  8:22  Zealot x3  
  128  8:23  Zealot, Probe x3  
  141  8:30  Zealot x2, Pylon  
  145  8:36  Colossus  
  145  8:44  Extended Thermal Lance  
  141  8:55  High Templar  
  141  8:56  Zealot x5  
  141  8:57  Zealot  
  155  9:05  Probe x3  
  155  9:06  Colossus  
  158  9:12  Protoss Ground Weapons Level 2  
  158  9:15  Forge  
  158  9:17  Probe  
  158  9:19  Colossus  
  165  9:28  Assimilator  
  171  9:45  Zealot  
  171  9:46  Zealot x3  
  171  9:49  Gateway  
  171  9:50  Protoss Ground Armor Level 1  
  171  9:52  Gateway  
  177  9:54  Pylon  
  177  9:55  Pylon  
  175  10:00  Pylon  
  175  10:01  Nexus  
  175  10:03  Pylon  
  175  10:04  Colossus  
  175  10:11  Disruptor  
  185  10:15  Zealot x5  
  185  10:18  Pylon  
  195  10:36  Disruptor  
  185  10:54  Zealot x6  
  185  10:55  Zealot  
  185  10:57  Gateway  
  199  10:59  Gateway  
  199  11:01  Gateway  
  199  11:05  Gateway  
  199  11:07  Gateway  
  199  11:11  Gravitic Drive  
  199  11:21  Warp Prism  
  199  11:26  Observer  
  199  11:29  Nexus  
  199  11:31  Pylon  
  199  11:35  Protoss Ground Armor Level 2, Protoss Ground Weapons Level 3  
  197  11:42  Nexus  
  197  11:45  Pylon  
  197  12:00  Probe x3  
  200  12:01  Nexus  
  200  12:04  Pylon  
  192  12:13  Stalker x3  
  192  12:14  Stalker x2  
  200  12:26  Photon Cannon  
  200  12:27  Photon Cannon  
  200  12:29  Photon Cannon  
  200  12:32  Shield Battery  
  198  12:49  Zealot  
  198  12:50  Disruptor  
  200  12:51  Disruptor  
  200  13:05  Robotics Facility  
  200  13:10  Pylon  
  198  13:19  Disruptor  
  200  13:29  Gateway  
  200  13:32  Gateway  
  200  13:34  Gateway  
  200  13:35  Gateway  
  188  14:05  Disruptor x2  
  184  14:13  Protoss Shields Level 1, Protoss Ground Armor Level 3  
  178  14:21  Probe  
  178  14:22  Probe x6  
  171  14:26  Stalker x5  
  171  14:27  Stalker x8, Zealot  
  199  14:36  Stargate, Archon  
  191  14:40  Warp Prism x2, Pylon  
  195  14:59  Photon Cannon, Shield Battery  
  191  15:00  Photon Cannon x2  
  187  15:16  Disruptor x2  
  187  15:18  Zealot x2  
  191  15:44  Disruptor x2, Zealot x5  
  193  15:56  Disruptor  
  175  16:00  Zealot x6  
  175  16:01  Zealot x3  
  197  16:15  Disruptor  
  197  16:17  Photon Cannon  
  197  16:19  Photon Cannon  
  197  16:20  Photon Cannon  
  197  16:22  Pylon  
  197  16:23  Disruptor  
  197  16:24  Disruptor  
  157  16:34  Zealot x7  
  157  16:35  Zealot x2  
  157  16:36  Zealot x4  
  166  16:40  Nexus  
  166  16:41  Pylon  
  166  16:43  Colossus  
  152  16:55  Zealot x10  
  152  16:56  Stalker x2, Zealot x2  
  172  17:07  Fleet Beacon  
  172  17:09  Probe x7  
  172  17:15  Zealot x3  
  181  17:17  Zealot x7  
  196  17:35  Colossus  
  189  17:37  Colossus  
  189  17:40  Zealot x4  
  189  18:00  Pylon  
  187  18:08  High Templar x2  
  187  18:11  Pylon  
  195  18:22  Stalker x12  
  173  18:41  Stalker x2  
  173  18:45  Zealot x3  
  173  18:46  Zealot x8  
  183  19:05  Mothership  
  183  19:06  Stalker x11  
  191  19:17  Gateway  
  191  19:20  Gateway  
  191  19:22  Gateway  
  191  19:23  Photon Cannon  
  199  19:24  Gateway  
  199  19:25  Gateway  
  199  19:26  Gateway  
  199  19:27  Gateway  
  199  19:28  Gateway  
  199  19:29  Pylon  
  199  19:30  Gateway  
  178  19:32  Pylon  
  178  19:33  Pylon  
  178  19:35  Zealot  
  178  19:36  Zealot x5  
  150  19:49  Zealot  
  152  20:00  Gateway  
  152  20:02  Gateway  
  152  20:04  Gateway  
  152  20:06  Pylon  
  152  20:13  Gateway  
  152  20:15  Gateway  
  152  20:17  Zealot x3  
  152  20:18  Gateway  
  153  20:21  Zealot x4  
  153  20:22  Gateway  
  153  20:25  Pylon  
  142  20:32  Zealot x2  
  138  20:42  Zealot x6  
  90  21:01  Probe  
  90  21:02  Zealot x8  
  90  21:03  Zealot  
  116  21:09  Probe  
  117  21:12  Zealot x3  
  117  21:15  Assimilator, Cybernetics Core  
  124  21:19  Assimilator, Probe  
  123  21:26  Zealot x10  
  123  21:27  Nexus  
  123  21:28  Pylon  
  123  21:31  Probe  
  134  21:34  Zealot x3  
  140  21:43  Probe  
  135  21:48  Zealot x3  
  135  21:51  Stalker x5  
  135  21:54  Pylon  
  147  21:58  Zealot x5  
  55  22:18  Zealot x3  
  55  22:19  Zealot x7  
  58  22:41  Zealot x2  
  58  22:42  Zealot x4  
  44  23:03  Zealot x4  
Show
View Real Time Build Order
Export as new Build Order

VITmaru Terran - Winner!

Build Orders: Cyclone Opening 

Get SALT Encoding   

  12  0:00  SCV  
  13  0:12  SCV  
  14  0:17  Supply Depot  
  14  0:24  SCV  
  15  0:38  SCV  
  15  0:40  Barracks  
  15  0:42  Refinery  
  16  0:50  SCV  
  16  0:52  Refinery  
  17  1:02  SCV  
  18  1:14  SCV  
  19  1:27  Reaper, Orbital Command  
  20  1:39  Factory  
  20  1:50  Supply Depot  
  20  1:52  SCV  
  21  1:59  Barracks Tech Lab  
  21  2:04  SCV  
  22  2:17  SCV  
  22  2:18  Command Center  
  23  2:29  Cyclone, SCV  
  27  2:39  Starport  
  27  2:41  SCV  
  28  2:48  Supply Depot  
  28  2:49  Barracks Reactor  
  28  2:53  SCV  
  29  3:03  Widow Mine  
  31  3:09  SCV  
  32  3:15  Medivac  
  34  3:21  SCV  
  34  3:24  Refinery  
  34  3:25  Widow Mine  
  37  3:27  Marine x2  
  37  3:32  Orbital Command  
  39  3:37  Barracks  
  39  3:38  SCV  
  40  3:45  Marine x2  
  42  3:50  Siege Tank  
  42  3:52  Starport Tech Lab  
  42  3:54  SCV  
  46  3:58  SCV  
  47  4:04  Supply Depot  
  47  4:07  SCV  
  48  4:10  Banshee  
  48  4:14  SCV  
  52  4:18  Marine x2  
  54  4:26  SCV  
  54  4:30  SCV  
  56  4:32  Siege Tank, Supply Depot  
  56  4:36  Supply Depot  
  58  4:38  SCV  
  58  4:39  Marine x2  
  58  4:41  Marine  
  58  4:44  SCV  
  58  4:50  SCV  
  59  4:53  Raven  
  59  4:57  SCV  
  59  4:59  Engineering Bay  
  62  5:04  Siege Tank  
  62  5:05  Barracks Tech Lab  
  65  5:07  SCV  
  65  5:10  Marine, Barracks  
  67  5:17  SCV  
  67  5:19  Supply Depot, SCV  
  69  5:23  Marine  
  69  5:24  Stimpack  
  67  5:28  Terran Infantry Weapons Level 1  
  67  5:29  SCV  
  67  5:31  SCV  
  69  5:38  Starport Reactor  
  69  5:42  Supply Depot, SCV  
  70  5:44  Refinery, Marine x2  
  70  5:45  Marauder  
  70  5:47  Factory Reactor  
  74  5:53  SCV  
  75  5:58  SCV  
  75  6:02  Marine x2  
  78  6:04  Command Center  
  78  6:06  Marauder  
  78  6:08  Marauder  
  82  6:20  Marine x2, Medivac  
  82  6:21  Medivac  
  88  6:26  Widow Mine x2  
  88  6:32  SCV  
  94  6:36  Supply Depot, SCV  
  94  6:39  Supply Depot, Barracks  
  91  6:41  Barracks  
  91  6:43  Combat Shield  
  91  6:44  SCV  
  92  6:48  SCV  
  92  6:50  Missile Turret  
  93  6:54  Marine  
  93  6:57  Marauder x2, SCV  
  98  7:02  SCV  
  98  7:03  Medivac  
  98  7:04  Widow Mine, Medivac  
  98  7:05  Widow Mine  
  107  7:09  SCV  
  107  7:13  Marine x2, Concussive Shells  
  110  7:17  Orbital Command  
  110  7:20  Supply Depot  
  110  7:22  Marauder x2  
  114  7:28  Terran Infantry Armor Level 1  
  114  7:29  Ghost Academy  
  114  7:31  Marine  
  114  7:35  Marauder  
  114  7:36  Marine, Barracks Reactor  
  117  7:43  Orbital Command  
  117  7:44  Marauder  
  118  7:47  SCV x2  
  108  7:52  Marine  
  108  7:53  Marauder  
  108  7:54  Marine  
  108  7:56  Marauder  
  114  7:59  SCV x2  
  114  8:00  Widow Mine x2  
  114  8:04  Ghost  
  123  8:08  Viking  
  123  8:09  SCV  
  123  8:11  SCV  
  127  8:18  Ghost  
  127  8:19  Supply Depot  
  130  8:22  SCV  
  131  8:27  SCV x2  
  131  8:31  Ghost  
  136  8:34  SCV  
  136  8:39  SCV x2  
  136  8:40  Ghost  
  139  8:46  Ghost, SCV  
  138  8:51  SCV x2  
  138  8:53  Medivac x2  
  144  8:56  Supply Depot  
  144  8:57  Supply Depot  
  144  8:58  SCV  
  144  9:01  Marauder  
  144  9:02  Marine x2  
  148  9:09  Supply Depot  
  149  9:15  Armory  
  149  9:16  Engineering Bay  
  149  9:18  Marauder x2, SCV x3  
  156  9:24  Command Center  
  156  9:30  SCV  
  157  9:32  Refinery, Sensor Tower  
  157  9:35  Marine, Marauder  
  160  9:39  Ghost x2  
  160  9:43  SCV x3  
  169  9:46  Supply Depot  
  169  9:47  Supply Depot  
  169  9:49  Refinery  
  169  9:55  SCV x2  
  171  10:02  Missile Turret  
  171  10:04  Missile Turret  
  171  10:07  Terran Infantry Armor Level 2, Terran Infantry Weapons Level 2  
  171  10:11  SCV x2  
  171  10:12  Marine x2, Marauder x2  
  179  10:18  Missile Turret  
  179  10:19  Missile Turret  
  179  10:26  Barracks x2  
  179  10:27  Barracks  
  179  10:29  SCV x2  
  179  10:32  SCV  
  174  10:35  Viking  
  174  10:41  Viking, SCV x2  
  180  10:49  SCV  
  174  10:53  SCV  
  174  10:54  Missile Turret, SCV  
  176  11:01  SCV  
  177  11:05  Viking, SCV  
  177  11:06  SCV  
  181  11:13  SCV  
  181  11:16  Planetary Fortress  
  181  11:17  Barracks Reactor, Barracks Tech Lab x2  
  181  11:18  Sensor Tower, SCV  
  183  11:20  Medivac  
  183  11:24  Command Center  
  183  11:25  Terran Ship Weapons Level 1  
  185  11:35  Viking  
  183  11:40  Marine x4, Marauder x3  
  183  11:41  Marauder  
  183  11:43  SCV x2  
  197  11:50  Viking  
  199  11:54  Command Center  
  199  11:58  Marauder  
  200  12:05  Starport  
  200  12:06  Fusion Core  
  197  12:10  Marine  
  197  12:11  Marauder  
  200  12:21  Refinery  
  200  12:27  Terran Infantry Armor Level 3, Terran Infantry Weapons Level 3  
  200  12:31  Missile Turret  
  200  12:33  Missile Turret  
  198  12:45  Command Center  
  198  12:50  Command Center  
  193  12:59  Command Center  
  193  13:03  Starport Reactor  
  193  13:06  Advanced Ballistics  
  193  13:11  SCV x3  
  195  13:14  Liberator  
  198  13:20  Refinery, Sensor Tower  
  198  13:23  SCV  
  199  13:30  Missile Turret x2  
  199  13:34  Missile Turret  
  198  13:56  Ghost  
  194  14:11  Planetary Fortress  
  194  14:14  SCV x3  
  183  14:18  Liberator x3, Caduceus Reactor  
  183  14:19  Liberator  
  183  14:20  Terran Ship Weapons Level 2  
  189  14:25  SCV  
  189  14:26  SCV x3  
  189  14:27  Sensor Tower  
  189  14:28  Missile Turret  
  193  14:37  SCV  
  194  14:38  SCV x2  
  194  14:40  Orbital Command  
  194  14:44  SCV  
  197  14:50  SCV x2  
  198  15:13  Liberator  
  198  15:14  Liberator  
  196  15:24  Sensor Tower  
  196  15:34  Liberator x2  
  197  15:39  Orbital Command  
  182  15:54  Marine  
  182  15:55  Marine x3, Marauder x4  
  182  15:56  Liberator x2  
  192  16:03  SCV x2  
  194  16:04  SCV  
  194  16:06  SCV  
  194  16:10  Marauder  
  198  16:11  Marine  
  198  16:12  Marine  
  190  16:26  Marine x2  
  190  16:27  Marauder x2  
  190  16:29  Marine x2, Marauder x2  
  172  16:35  Marine x2  
  172  16:36  Marauder  
  171  16:40  Liberator x2  
  171  16:41  Medivac  
  171  16:44  Marine  
  177  16:47  Widow Mine  
  177  16:48  Widow Mine, Marauder x2  
  177  16:51  Marauder  
  184  16:55  Marine x2  
  184  16:56  Marauder  
  184  16:57  Marauder  
  184  17:00  Medivac  
  184  17:01  Marine x3  
  190  17:02  Marine  
  190  17:05  Command Center  
  190  17:06  Command Center  
  190  17:07  Command Center  
  193  17:09  Marauder  
  193  17:10  Marauder  
  193  17:11  Armory, Medivac  
  196  17:32  Marine x2, Ghost  
  196  17:33  Marauder x2  
  194  17:57  Supply Depot  
  191  18:07  Marine x3  
  191  18:08  Marauder x3  
  196  18:17  Marine x2, Marauder  
  200  18:22  Marauder  
  200  18:23  Marine  
  200  18:31  Marine  
  192  18:34  Liberator  
  190  18:43  Marine  
  190  18:44  Marine x2, Marauder x4  
  199  18:48  Orbital Command x2  
  199  18:50  Neosteel Armor  
  195  19:00  Marine  
  195  19:01  Marine x2, Marauder  
  199  19:11  Marine  
  199  19:27  Marine x2  
  165  19:31  Medivac x2  
  194  19:35  Marine  
  194  19:36  Marine, Marauder x3  
  186  19:48  SCV x5  
  186  19:50  Planetary Fortress  
  191  19:58  Marine x2  
  191  19:59  Marauder x2  
  197  20:00  SCV x2  
  199  20:10  Command Center  
  199  20:12  Command Center  
  198  20:22  Marine x2  
  200  20:30  Hi-Sec Auto Tracking  
  200  20:42  Marine x4  
  199  20:43  Marauder  
  180  20:54  Liberator x3  
  181  21:03  Command Center  
  181  21:05  Command Center  
  181  21:15  Ghost x2  
  187  21:23  Orbital Command  
  182  21:38  Marine x3, Medivac x3  
  182  21:39  Marine x2  
  189  21:49  Marine x5  
  194  21:57  Marine x3  
  194  21:58  Marine  
  194  22:00  Marine x2  
  173  22:05  Orbital Command  
  173  22:07  Marine x5  
  175  22:11  Orbital Command  
  175  22:15  Marine x4  
  175  22:18  Marine  
  175  22:20  Marine  
  178  22:24  Marine  
  178  22:25  Marine x2  
  183  22:34  Orbital Command  
  181  22:37  Marine x3  
  182  22:45  Orbital Command  
  172  22:56  Marine x6  
  172  22:57  Marine x5  
  168  23:11  SCV x2  
Tags
 
Add a new tag
Caveats
  • Supply blocks, unpowered buildings, or Contaminate may cause inaccurate times.
  • Supply counts are checked every 10 seconds.